 Dungeon Crawl Stone Soup version 0.30-a0-6-g7c9e10e132 (webtiles) character file.

Game seed: 3381215817382508271

28 porpoise the Poker (level 3, -3/28 HPs)
             Began as a Demonspawn Gladiator on Aug 23, 2022.
             Constricted to death by Robin (5 damage)
             ... on level 2 of the Dungeon.
             The game lasted 00:02:36 (1488 turns).

porpoise the Poker (Demonspawn Gladiator)           Turns: 1488, Time: 00:02:36

Health: -3/28      AC:  5    Str: 16    XL:     3   Next: 0%
Magic:  3/3        EV: 13    Int:  9    God:
Gold:   46         SH:  0    Dex: 14    Spells: 2/2 levels left

rFire   . . .      SeeInvis .    a - +0 trident
rCold   . . .      Faith    .    (no shield)
rNeg    . . .      Spirit   .    b - +0 leather armour
rPois   .          Reflect  .    c - +0 helmet
rElec   .          Harm     .    j - +0 cloak
rCorr   .          Rampage  .    (no gloves)
Will    .....                    (no boots)
Stlth   +.........               (no amulet)
HPRegen 0.09/turn                n - +4 ring of evasion
MPRegen 0.08/turn                (no ring)

@: grasped by roots, constricted
A: powered by pain 1
a: no special abilities


You were on level 2 of the Dungeon.
You visited 1 branch of the dungeon, and saw 2 of its levels.

You collected 46 gold pieces.

Inventory:

Hand Weapons
 a - a +0 trident (weapon)
 o - a +0 sling
Missiles
 d - 3 throwing nets (quivered)
 e - a javelin
 f - 6 curare-tipped darts
 h - 6 poisoned darts
Armour
 b - a +0 leather armour (worn)
 c - a +0 helmet (worn)
 j - a +0 cloak (worn)
Jewellery
 n - a +4 ring of evasion (left hand)
Scrolls
 g - a scroll of vulnerability {unknown}
 i - a scroll of noise {unknown}
 k - 2 scrolls of identify {unknown}
 l - a scroll of immolation {unknown}
 m - a scroll of silence {unknown}


   Skills:
 + Level 2.5 Fighting
 * Level 3.5 Polearms
 - Level 1.7 Throwing
 - Level 2.6 Dodging


You had 2 spell levels left.
You didn't know any spells.
Your spell library contained the following spells:

 Spells                   Type           Power      Damage    Failure   Level
 Poisonous Vapours        Pois/Air       0%         N/A       58%         2
 Corpse Rot               Necr/Pois/Air  0%         N/A       99%         4


Dungeon Overview and Level Annotations

Branches:
Dungeon (2/15)

Altars:

Annotations:
D:2 Robin


Innate Abilities, Weirdness & Mutations

You sometimes gain a little power by taking damage.


Message History

The goblin shoots a sling bullet.
The sling bullet hits you but does no damage.
There is a stone staircase leading up here.
Robin zaps a wand.
The roots erupt in riotous growth!
The grasping roots grab you!
Robin is unaffected.
The grasping roots constrict you.
You hear an angry hiss.
You hit Robin. You punch Robin.
Robin is heavily wounded.
A ball python comes into view.
The grasping roots constrict you.
The goblin shoots a sling bullet.
The sling bullet closely misses you.
A ball python comes into view.
Unknown command.
You barely miss Robin.
Robin is heavily wounded.
Robin misses you. The grasping roots constrict you.
The goblin shoots a sling bullet.
The sling bullet hits you but does no damage.
The grasping roots release their grip on you.
You puncture Robin!
Robin is almost dead.
Robin zaps a wand.
The roots erupt in riotous growth!
The grasping roots grab you!
Robin is unaffected.
The grasping roots constrict you.
The goblin shoots a sling bullet.
The sling bullet hits you. Robin barely misses you.
The grasping roots constrict you.
* * * LOW HITPOINT WARNING * * *
You are too injured to fight recklessly!
You closely miss Robin.
Robin is almost dead.
The goblin shoots a sling bullet.
The sling bullet barely misses you. Robin hits you but does no damage.
The grasping roots constrict you.
* * * LOW HITPOINT WARNING * * *
You hit Robin but do no damage.
Robin is almost dead.
The ball python completely misses you. Robin hits you with a +0 trident.
* * * LOW HITPOINT WARNING * * *
The grasping roots constrict you.
You die...

...$... .......
#### ....g..
##...# .......
##.....## ..S....
#......<##.......
#.......#g...#
#..!....<@#
##........S......
#.......#########
#.......#
#.......#
##.....## ##...#
####


You could see Robin, a goblin (strong) and 2 ball pythons.

Vanquished Creatures
  A dart slug (D:1)
  A bat (D:1)
  2 endoplasms (D:1)
  9 goblins (D:1)
  3 hobgoblins (D:1)
  2 jackals (D:1)
  A quokka (D:1)
  A ball python (D:1)
20 creatures vanquished.

Notes
Turn   | Place    | Note
-------+----------+-------------------------------------------
     0 | D:1      | porpoise the Demonspawn Gladiator began the quest for the
                  | Orb.
     0 | D:1      | Reached XP level 1. HP: 16/16 MP: 1/1
    80 | D:1      | Reached skill level 3 in Polearms
   538 | D:1      | Gained mutation: You sometimes gain a little power by
                  | taking damage. [demonic ancestry]
   538 | D:1      | Reached XP level 2. HP: 22/22 MP: 2/2
   735 | D:1      | Found a faded altar of an unknown god.
   954 | D:2      | Noticed Robin
  1302 | D:1      | Reached XP level 3. HP: 12/28 MP: 3/3
  1488 | D:2      | Constricted to death by Robin

Illustrated notes

Levels and vault maps discovered:
D:1:      minmay_arrival_stone_box, layout_loops_corners,
          hellmonk_ecumenical_altar_slurped_away
D:2:      layout_rooms, serial_shops, shop, uniq_terence, uniq_robin

Skill      XL: |  1 |
---------------+----+-----
Polearms       | 3 |  3.5
Fighting       | |  2.5
Throwing       | |  1.7
Dodging        | |  2.6

Action                   || total
-------------------------++-------
Melee: Trident           ||    84
       Punch             ||     1
Armor: Leather armour    ||    28
Dodge: Dodged            ||    85

Table legend: (Time is in decaauts)
 A = Elapsed time spent in this place.
 B = Non-inter-level travel time spent in this place.
 C = Inter-level travel time spent in this place.
 D = Time resting spent in this place.
 E = Time spent auto-exploring this place.
 F = Levels seen in this place.
 G = Mean time per level.
                   A        B        C        D        E       F      G
               +--------+--------+--------+--------+--------+-----+--------+
         Total |   1503 |   1481 |     22 |    567 |    720 |   2 |  751.5 |
       Dungeon |   1503 |   1481 |     22 |    567 |    720 |   2 |  751.5 |
               +--------+--------+--------+--------+--------+-----+--------+

Top non-repeatable levels by time:
     D:1: 1482 daAuts
     D:2: 20 daAuts
